 Dungeon Crawl Stone Soup version 0.25-a0-597-gb30770a0c0 (webtiles) character file.

Game seed: 12885609596540040784, levelgen mode: deterministic

116 An17 the Skirmisher (level 4, 0/37 HPs)
             Began as a Demonspawn Fighter on Mar 15, 2020.
             Succumbed to a worker ant's poison
             ... on level 4 of the Dungeon.
             The game lasted 00:03:34 (1286 turns).

An17 the Skirmisher (Demonspawn Fighter)            Turns: 1286, Time: 00:03:35

Health: 0/37       AC:  6    Str: 18    XL:     4   Next: 70%
Magic:  4/4        EV:  7    Int:  9    God:
Gold:   72         SH:  9    Dex: 12    Spells: 3/3 levels left

rFire    . . .     SeeInvis .   a - +0 rapier
rCold    . . .     Gourm    .   c - +0 kite shield
rNeg     . . .     Faith    .   b - +0 scale mail
rPois    .         Spirit   .   (no helmet)
rElec    .         Reflect  .   (no cloak)
rCorr    +         Harm     .   (no gloves)
MR       .....                  (no boots)
Stlth    +.........             (no amulet)
HPRegen  0.12/turn              i - ring of resist corrosion
MPRegen  0.09/turn              (no ring)

@: lethally poisoned (0 -> -8)
A: nightstalker 1, powered by death 1
a: no special abilities


You were on level 4 of the Dungeon.
You were not hungry.

You visited 1 branch of the dungeon, and saw 3 of its levels.

You collected 72 gold pieces.

Inventory:

Hand Weapons
 a - a +0 rapier (weapon)
Armour
 b - a +0 scale mail (worn)
 c - a +0 kite shield (worn)
 g - a +0 plate armour
Jewellery
 i - a ring of resist corrosion (left hand)
Scrolls
 l - a scroll of blinking
 m - a scroll of teleportation
Potions
 d - a potion of might
 e - a potion of brilliance
 h - a potion of mutation
 j - a potion of stabbing {unknown}
 k - a potion of lignification {unknown}
Comestibles
 f - 3 rations


   Skills:
 + Level 3.9 Fighting
 + Level 2.0 Short Blades
 + Level 3.5 Armour
 + Level 0.3 Dodging
 + Level 3.5 Shields


You had 3 spell levels left.
You didn't know any spells.
Your spell library was empty.

Dungeon Overview and Level Annotations

Branches:
Dungeon (2/15)

Altars:
Ashenzari


Innate Abilities, Weirdness & Mutations

You are slightly more attuned to the shadows.
You regenerate a little health from kills.


Message History

You feel sick. You block the worker ant's attack.
You hit the worker ant but do no damage.
The worker ant is almost dead.
* * * LOW HITPOINT WARNING * * *
You feel sick. You block the worker ant's attack. The worker ant bites you.
* * * LOW HITPOINT WARNING * * *
You closely miss the worker ant.
The worker ant is almost dead.
* * * LOW HITPOINT WARNING * * *
You feel sick. You block the worker ant's attack.
You hit the worker ant but do no damage.
The worker ant is almost dead.
* * * LOW HITPOINT WARNING * * *
You feel sick. The worker ant barely misses you.
You hit the worker ant.
You kill the worker ant!
Your Short Blades skill increases to level 2!
* * * LOW HITPOINT WARNING * * *
You feel sick.
You die... # ########.#.# #.....@....# #.######.#.# #

There were no monsters in sight!

Vanquished Creatures
  A jelly (D:2)
  A worker ant (D:4)
  2 adders (D:2)
  2 dart slugs
  A leopard gecko (D:2)
  3 bats (D:2)
  A giant cockroach (D:2)
  7 goblins
  2 hobgoblins (D:2)
  4 jackals (D:1)
  4 frilled lizards
  8 kobolds
  5 rats
41 creatures vanquished.

Notes
Turn   | Place    | Note
-------+----------+-------------------------------------------
     0 | D:1      | An17 the Demonspawn Fighter began the quest for the Orb.
     0 | D:1      | Reached XP level 1. HP: 18/18 MP: 1/1
    51 | D:1      | Gained mutation: You regenerate a little health from kills.
                  | [demonic ancestry]
    51 | D:1      | Reached XP level 2. HP: 23/24 MP: 2/2
   794 | D:2      | Reached XP level 3. HP: 26/29 MP: 3/3
   833 | D:2      | Found a shattered altar of Ashenzari.
   981 | D:2      | Gained mutation: You are slightly more attuned to the
                  | shadows. [demonic ancestry]
   981 | D:2      | Reached XP level 4. HP: 35/37 MP: 4/4
  1264 | D:2      | You fall into a shaft and drop 2 floors!
  1285 | D:4      | HP: 1/37 [poisoned by a worker ant]
  1286 | D:4      | Succumbed to a worker ant's poison

Levels and vault maps discovered:
D:1:      dpeg_arrival_central, layout_basic, serial_curves, eino_curves_03,
          eino_curves_04
D:2:      layout_loops_ring, overflow_temple_1_default, grunt_decor_arrowhead
D:4:      layout_loops_ring, old_standard_altar, minmay_temple_entry_wispy,
          nicolae_gozag_cash_rules_everything_around_me

Skill      XL: |  1  2  3  4 |
---------------+-------------+-----
Armour         | 3 |  3.5
Shields        | 3 |  3.5
Short Blades   | 2 |  2.0
Fighting       | |  3.9
Dodging        | |  0.3

Action                   |  1- 3 |  4- 6 || total
-------------------------+-------+-------++-------
Melee: Rapier            |   100 |    41 ||   141
  Use: Scroll            |     8 |       ||     8
  Eat: Ration            |       |     1 ||     1
Armor: Scale mail        |    35 |     8 ||    43
Dodge: Dodged            |    21 |    16 ||    37
Block: Kite shield       |    41 |    20 ||    61

Table legend:
 A = Non-vault XP
 B = Vault XP
 C = Vault XP percentage of total XP
 D = Non-vault monster count
 E = Vault monster count
 F = Vault count percentage of total count
                 A         B        C        D         E       F
            +---------+---------+-------+---------+---------+-------
      Total |     167 |       0 |   0.0 |      41 |       0 |   0.0
            +---------+---------+-------+---------+---------+-------
        D:1 |      35 |       0 |   0.0 |      20 |       0 |   0.0
        D:2 |      99 |       0 |   0.0 |      20 |       0 |   0.0
        D:4 |      33 |       0 |   0.0 |       1 |       0 |   0.0
            +---------+---------+-------+---------+---------+-------
